[Event "Titled Tuesday Blitz June 28 Early 2022"]
[White "Schmakel, Sam"]
[Black "Horak, Martin"]
[WhiteFideId "2039311"]
[BlackFideId "367095"]
[WhiteElo "2356"]
[BlackElo "1997"]
[Result "1-0"]
[Round "01"]
[TimeControl "180+1"]
[Date "2022.06.28"]
[WhiteClock "0:01:27"]
[BlackClock "0:01:32"]

1. Nf3 Nf6 2. c4 b6 3. g3 Bb7 4. Bg2 e6 5. O-O Be7 6. d4 O-O 7. Re1 c5 8. d5 exd5 9. Nh4 Re8 10. Nf5 Bf8 11. Nc3 Nc6 12. cxd5 Ne5 13. e4 c4 14. Be3 Nd3 15. Re2 Bc5 16. b3 Ba6 17. bxc4 Bb5 1-0


[Site "https://www.chess.com"]

[Event "Titled Tuesday Blitz June 28 Early 2022"]
[White "Semianiuk, Konstantin"]
[Black "Mitrabha, Guha"]
[WhiteFideId "2607603"]
[BlackFideId "5057000"]
[WhiteElo "2429"]
[BlackElo "2499"]
[Result "0-1"]
[Round "01"]
[TimeControl "180+1"]
[Date "2022.06.28"]
[WhiteClock "0:00:26"]
[BlackClock "0:00:43"]

1. d4 Nf6 2. Nf3 e6 3. Bf4 b6 4. e3 Bb7 5. Nbd2 g6 6. Bd3 Bg7 7. h3 d6 8. O-O Nbd7 9. Bh2 O-O 10. c3 Qe7 11. Nc4 Rad8 12. Qe2 Ne4 13. Nfd2 Nxd2 14. Nxd2 e5 15. Rfe1 Kh8 16. Rad1 f5 17. dxe5 Nxe5 18. Bc2 g5 19. f4 Ng6 20. Nf3 h6 21. Nd4 Nh4 22. g3 Bxd4 23. gxh4 gxf4 24. exd4 Rg8+ 25. Kf1 Qxh4 26. Bxf5 f3 27. Qe7 Ba6+ 28. Rd3 Bxd3+ 29. Bxd3 Qxh3+ 30. Kf2 Qxh2+ 0-1


[Site "https://www.chess.com"]

[Event "Titled Tuesday Blitz June 28 Early 2022"]
[White "Sevian, Samuel"]
[Black "Dobre, Claudiu-Cristian"]
[WhiteFideId "2040506"]
[BlackFideId "1211854"]
[WhiteElo "2692"]
[BlackElo "2207"]
[Result "1-0"]
[Round "01"]
[TimeControl "180+1"]
[Date "2022.06.28"]
[WhiteClock "0:00:07"]
[BlackClock "0:00:04"]

1. d4 d5 2. c4 c6 3. Nc3 Nf6 4. e3 e6 5. Qc2 Nbd7 6. f4 a6 7. Nf3 Be7 8. b3 c5 9. Bd3 b6 10. O-O Bb7 11. Bb2 Rc8 12. Rad1 Qc7 13. Ne5 O-O 14. h3 h6 15. Qf2 cxd4 16. exd4 Ne4 17. Bxe4 dxe4 18. Rfe1 Nf6 19. Ng4 Nxg4 20. hxg4 f5 21. d5 Bc5 22. Re3 fxg4 23. Ne2 Bxe3 24. Qxe3 exd5 25. Be5 Qc5 26. Bd4 Qc6 27. Ng3 dxc4 28. Nh5 Rf7 29. f5 cxb3 30. f6 g5 31. Ng3 Qe6 32. axb3 Rd8 33. Rf1 b5 34. Nf5 Kh7 35. Ne7 Rd7 36. Nf5 Qd5 37. Kh2 a5 38. Ba1 a4 39. bxa4 bxa4 40. Ng3 Qd6 41. Rf5 Bc6 42. Be5 Qe6 43. Rxg5 Rd2 44. Qxd2 hxg5 45. Qxg5 Rb7 46. Qh5+ Kg8 47. Qg6+ Kf8 48. Bf4 Qf7 49. Qf5 Bd7 50. Bh6+ Ke8 51. Qxe4+ Be6 52. Nf5 Qc7+ 53. Bf4 Kf7 54. Bxc7 Rxc7 55. Nd4 Bd7 56. Qe7+ Kg6 57. f7 g3+ 58. Kxg3 Rc3+ 59. Kf4 Rc1 60. f8=Q Rf1+ 61. Nf3 1-0


[Site "https://www.chess.com"]

[Event "Titled Tuesday Blitz June 28 Early 2022"]
[White "Shimanov, Aleksandr"]
[Black "D`Arruda, Ricardo D."]
[WhiteFideId "4198603"]
[BlackFideId "100692"]
[WhiteElo "2605"]
[BlackElo "2491"]
[Result "1-0"]
[Round "01"]
[TimeControl "180+1"]
[Date "2022.06.28"]
[WhiteClock "0:00:58"]
[BlackClock "0:00:10"]

1. e4 c5 2. Nf3 Nc6 3. Nc3 e6 4. d4 cxd4 5. Nxd4 d6 6. g4 Nf6 7. g5 Nd7 8. Be3 Be7 9. h4 a6 10. Rg1 Qc7 11. h5 g6 12. Rh1 gxh5 13. Qxh5 Nb6 14. O-O-O Ne5 15. Bh3 Nbc4 16. Nxe6 Bxe6 17. Bxe6 Nxe3 18. fxe3 Ng6 19. Bf5 Bf8 20. Nd5 Qa5 21. Nf6+ Ke7 22. Kb1 Bg7 23. Qh2 Qe5 24. Qxe5+ Nxe5 25. Nd5+ Kf8 26. Rdf1 Rd8 27. c3 Nc4 28. Rf2 b5 29. Rxh7 Rxh7 30. Bxh7 Ne5 31. Bf5 a5 32. a3 Rb8 33. g6 Rb6 34. gxf7 Rb7 35. Be6 Nc6 36. Nf4 Ne5 37. Bd5 1-0


[Site "https://www.chess.com"]

[Event "Titled Tuesday Blitz June 28 Early 2022"]
[White "Shohat, Yotam"]
[Black "Gardezi, Arsal"]
[WhiteFideId "2813955"]
[BlackFideId "30949521"]
[WhiteElo "2119"]
[BlackElo "1781"]
[Result "0-1"]
[Round "01"]
[TimeControl "180+1"]
[Date "2022.06.28"]
[WhiteClock "0:00:01"]
[BlackClock "0:00:11"]

1. e4 e6 2. d4 d5 3. Nc3 Be7 4. Nf3 Nf6 5. e5 Nfd7 6. Ne2 c5 7. c3 b6 8. Nf4 Ba6 9. Bxa6 Nxa6 10. h4 cxd4 11. cxd4 Rc8 12. a3 b5 13. Ng5 g6 14. Qf3 Bxg5 15. hxg5 Qe7 16. Be3 b4 17. a4 b3 18. O-O Nb4 19. Rac1 Nc2 20. Ne2 O-O 21. Bf4 Nb6 22. Qxb3 Nb4 23. Bd2 Na6 24. a5 Nc4 25. Bc3 Rb8 26. Qc2 Nb4 27. Bxb4 Rxb4 28. b3 Nxa5 29. Qc3 Nxb3 30. Rb1 Rfb8 31. Qh3 R4b7 32. f4 Nd2 0-1


[Site "https://www.chess.com"]

[Event "Titled Tuesday Blitz June 28 Early 2022"]
[White "Shtyka, Sergey"]
[Black "Libiszewski, Fabien"]
[WhiteFideId "4138465"]
[BlackFideId "616834"]
[WhiteElo "2014"]
[BlackElo "2440"]
[Result "0-1"]
[Round "01"]
[TimeControl "180+1"]
[Date "2022.06.28"]
[WhiteClock "0:00:01"]
[BlackClock "0:00:03"]

1. e4 g6 2. d4 d6 3. Nc3 Bg7 4. g3 Nf6 5. Bg2 O-O 6. Nge2 Nc6 7. h3 e5 8. Be3 a6 9. O-O exd4 10. Nxd4 Re8 11. Nxc6 bxc6 12. Kh2 Rb8 13. Rb1 a5 14. f4 Rb4 15. e5 dxe5 16. Bxc6 Bd7 17. fxe5 Ng4+ 18. hxg4 Bxc6 19. Qxd8 Rxd8 20. Bg5 Rd7 21. Rbd1 Rxb2 22. Rxd7 Bxd7 23. Rf2 Bxe5 24. Nd5 Ba4 25. Ne3 Bd4 26. Re2 Kg7 27. Bf4 c5 28. g5 f6 29. Kh3 Bd7+ 30. g4 fxg5 31. Bxg5 h5 32. Kg3 Rxa2 33. gxh5 gxh5 34. Bf4 a4 35. Nc4 Kf6 36. Kh4 Bf5 37. Bg5+ Kg6 38. Re7 Rxc2 0-1


[Site "https://www.chess.com"]

[Event "Titled Tuesday Blitz June 28 Early 2022"]
[White "Silva Lucena, Cristian"]
[Black "Barria Zuniga, Daniel"]
[WhiteFideId "2232588"]
[BlackFideId "3400816"]
[WhiteElo "2223"]
[BlackElo "2414"]
[Result "0-1"]
[Round "01"]
[TimeControl "180+1"]
[Date "2022.06.28"]
[WhiteClock "0:00:08"]
[BlackClock "0:00:26"]

1. c4 e6 2. Nf3 d5 3. g3 g6 4. Bg2 Bg7 5. cxd5 exd5 6. d4 c6 7. O-O Ne7 8. Nc3 O-O 9. h4 Nd7 10. Bf4 Nf5 11. Rc1 Re8 12. Re1 Nf6 13. Be5 Nd6 14. b3 Ng4 15. Bxg7 Kxg7 16. Qd2 Qf6 17. e3 h6 18. a4 Bf5 19. a5 a6 20. Qb2 Re7 21. Nh2 Rae8 22. Nxg4 Bxg4 23. Qa3 g5 24. hxg5 hxg5 25. Nb1 Ne4 26. Bxe4 dxe4 27. Nd2 Bf3 28. Qc5 Kg6 29. g4 Bxg4 30. Kg2 Bf3+ 31. Kg3 Rd7 32. Rh1 Rd5 33. Qb4 Qd8 34. Qxb7 Qd6+ 35. Kh3 Rh8# 0-1


[Site "https://www.chess.com"]

[Event "Titled Tuesday Blitz June 28 Early 2022"]
[White "Silvestre, Christian"]
[Black "Jaracz, Pawel"]
[WhiteFideId "30956269"]
[BlackFideId "1102222"]
[WhiteElo "2356"]
[BlackElo "2459"]
[Result "0-1"]
[Round "01"]
[TimeControl "180+1"]
[Date "2022.06.28"]
[WhiteClock "0:00:04"]
[BlackClock "0:00:41"]

1. Nf3 g6 2. c3 Bg7 3. d4 d6 4. Bg5 h6 5. Bf4 Nd7 6. Bg3 e5 7. dxe5 dxe5 8. e4 Ne7 9. Bc4 O-O 10. O-O b6 11. Qe2 Bb7 12. Rd1 Qe8 13. Nbd2 Kh7 14. Ba6 Bc6 15. Bb5 f6 16. Bxc6 Nxc6 17. Qc4 Nc5 18. Nb3 Ne6 19. Rd2 Rd8 20. Rad1 Rxd2 21. Rxd2 Qc8 22. Qxc6 Rf7 23. h3 h5 24. a4 a5 25. Nc1 Bh6 26. Rd1 Bxc1 27. Rxc1 Rd7 28. Kh2 Rd6 29. Qc4 Qd7 30. Qe2 Nc5 31. b4 Nxa4 32. bxa5 bxa5 33. Bh4 Kg7 34. g4 hxg4 35. hxg4 g5 36. Bg3 Qxg4 37. Kg2 Nc5 38. Re1 Nd3 39. Nd4 Nf4+ 0-1


[Site "https://www.chess.com"]

[Event "Titled Tuesday Blitz June 28 Early 2022"]
[White "Skatchkov, Valery"]
[Black "Steinberg, Nitzan"]
[WhiteFideId "24195812"]
[BlackFideId "2801795"]
[WhiteElo "2211"]
[BlackElo "2471"]
[Result "0-1"]
[Round "01"]
[TimeControl "180+1"]
[Date "2022.06.28"]
[WhiteClock "0:00:06"]
[BlackClock "0:00:09"]

1. d4 g6 2. c4 Bg7 3. Nc3 d6 4. e4 Nf6 5. h3 c5 6. d5 a6 7. Nf3 O-O 8. Bd3 b5 9. cxb5 axb5 10. O-O c4 11. Bc2 b4 12. Na4 Ba6 13. Re1 Nfd7 14. Be3 Qa5 15. Rb1 Rc8 16. b3 c3 17. Nd4 Nc5 18. Nxc5 dxc5 19. Nf3 Nd7 20. Bf4 c4 21. Nd4 Bb7 22. bxc4 Rxc4 23. Nc6 Bxc6 24. dxc6 Rd4 25. Qe2 Ne5 26. Bxe5 Bxe5 27. Bb3 Qc5 28. Rbd1 Rad8 29. Rxd4 Rxd4 30. Qe3 Qxc6 31. f4 Bd6 32. Kh1 Bc5 33. Qe2 Rd2 34. Qc4 e6 35. a3 Qd6 36. axb4 Bxb4 37. f5 Qg3 38. Rg1 Bd6 39. Qc8+ Kg7 40. f6+ Kh6 41. e5 Bxe5 42. Qf8+ Kg5 0-1


[Site "https://www.chess.com"]

[Event "Titled Tuesday Blitz June 28 Early 2022"]
[White "Skliarov, Viktor"]
[Black "Flynn, Jacob"]
[WhiteFideId "14106736"]
[BlackFideId "2509393"]
[WhiteElo "2229"]
[BlackElo "1896"]
[Result "1-0"]
[Round "01"]
[TimeControl "180+1"]
[Date "2022.06.28"]
[WhiteClock "0:00:16"]
[BlackClock "0:00:04"]

1. e4 e5 2. Nc3 Nf6 3. Bc4 Bc5 4. d3 c6 5. Nf3 d6 6. h3 Nbd7 7. a3 Bb6 8. O-O h6 9. Nh4 O-O 10. Nf5 Nc5 11. Qf3 Bxf5 12. Qxf5 d5 13. exd5 cxd5 14. Ba2 Re8 15. d4 exd4 16. Nxd5 Nxd5 17. Bxd5 Ne6 18. Rd1 Qc7 19. Be4 g6 20. Qf3 h5 21. Bxb7 Rab8 22. Be4 Red8 23. Bd3 Qd6 24. Bd2 a5 25. b4 a4 26. Re1 Bc7 27. g3 h4 28. Kg2 hxg3 29. fxg3 Rbc8 30. Re4 Ng7 31. Rf1 Nf5 32. Bf4 Qd7 33. Bxc7 Rxc7 34. Kh2 Ne3 35. Rf2 Rc6 36. Rf4 Rf8 37. Bb5 Rfc8 38. Bxc6 Qxc6 39. Qxc6 Rxc6 40. Rxd4 Nxc2 41. Rd3 Na1 42. b5 Rb6 43. Rb2 Nb3 44. Rdxb3 axb3 45. Rxb3 f5 46. a4 Rd6 47. b6 1-0


[Site "https://www.chess.com"]

[Event "Titled Tuesday Blitz June 28 Early 2022"]
[White "Snehal, Bhosale"]
[Black "Seo, Jung Min"]
[WhiteFideId "5021995"]
[BlackFideId "1734687"]
[WhiteElo "2103"]
[BlackElo "2414"]
[Result "0-1"]
[Round "01"]
[TimeControl "180+1"]
[Date "2022.06.28"]
[WhiteClock "0:00:39"]
[BlackClock "0:01:33"]

1. d4 d5 2. c4 e6 3. Nc3 Nf6 4. Nf3 Bb4 5. e3 O-O 6. Bd2 b6 7. Rc1 Bb7 8. cxd5 exd5 9. Bd3 a6 10. O-O Nbd7 11. Ne5 Nxe5 12. dxe5 Nd7 13. f4 Nc5 14. Bb1 d4 15. Ne2 Qd5 16. e4 Nxe4 17. Bxb4 Nc3 18. Bxh7+ Kh8 19. Rf3 Nxd1 20. Bxf8 Rxf8 21. Bd3 g6 22. Rxd1 c5 23. Ng3 Qxa2 24. Ne4 c4 25. Rh3+ Kg7 26. Nf6 Rh8 27. Rxh8 Kxh8 28. Bf1 Qxb2 29. Bxc4 Qxg2# 0-1


[Site "https://www.chess.com"]

[Event "Titled Tuesday Blitz June 28 Early 2022"]
[White "Starozhilov, Leonid"]
[Black "Caetano, Ryan Wesley Da Costa"]
[WhiteFideId "14106752"]
[BlackFideId "2188554"]
[WhiteElo "2414"]
[BlackElo "2030"]
[Result "1-0"]
[Round "01"]
[TimeControl "180+1"]
[Date "2022.06.28"]
[WhiteClock "0:01:42"]
[BlackClock "0:00:49"]

1. e4 c5 2. Nf3 d6 3. Bb5+ Bd7 4. a4 Nc6 5. O-O g6 6. c3 Bg7 7. d4 cxd4 8. cxd4 Nf6 9. Nc3 O-O 10. h3 a6 11. Bc4 Rc8 12. Bg5 Na5 13. Bd3 h6 14. Bh4 g5 15. Bg3 Nc4 16. Qe2 b5 17. axb5 axb5 18. e5 Nh5 19. Bh2 dxe5 20. dxe5 Bc6 21. Rad1 Qb6 22. Nxg5 hxg5 23. Qxh5 Rfd8 24. e6 fxe6 25. Bh7+ Kf8 26. Qxg5 Nxb2 27. Rxd8+ Rxd8 28. Be5 Bxe5 29. Qg8# 1-0


[Site "https://www.chess.com"]

[Event "Titled Tuesday Blitz June 28 Early 2022"]
[White "Suleymanli, Suleyman"]
[Black "Winkels, Marcel"]
[WhiteFideId "13416375"]
[BlackFideId "1003887"]
[WhiteElo "1598"]
[BlackElo "1900"]
[Result "1-0"]
[Round "01"]
[TimeControl "180+1"]
[Date "2022.06.28"]
[WhiteClock "0:02:08"]
[BlackClock "0:01:47"]

1. Nf3 f5 2. d4 Nf6 3. g3 g6 4. Bg2 Bg7 5. c4 d6 6. O-O O-O 7. Nc3 Qe8 8. b3 e5 9. dxe5 dxe5 10. Ba3 Rf7 11. Qc1 c6 12. Rd1 e4 13. Nd4 Be6 14. Nxe6 Qxe6 15. Rd8+ Rf8 16. Bxf8 Bxf8 17. Qa3 Nbd7 18. Rxa8 1-0


[Site "https://www.chess.com"]

[Event "Titled Tuesday Blitz June 28 Early 2022"]
[White "Taichman, Ori"]
[Black "Fernandez Siles, Luis"]
[WhiteFideId "2804069"]
[BlackFideId "2209420"]
[WhiteElo "2227"]
[BlackElo "2211"]
[Result "0-1"]
[Round "01"]
[TimeControl "180+1"]
[Date "2022.06.28"]
[WhiteClock "0:00:18"]
[BlackClock "0:00:21"]

1. e4 c5 2. Nf3 Nc6 3. Bb5 g6 4. c3 Bg7 5. d4 cxd4 6. cxd4 a6 7. Ba4 b5 8. Bb3 Bb7 9. O-O Na5 10. Bc2 Nf6 11. Re1 O-O 12. Nc3 b4 13. Na4 d5 14. e5 Ne4 15. Ng5 Nxg5 16. Bxg5 f6 17. Bh4 Bc8 18. a3 Rb8 19. axb4 Rxb4 20. Qd2 Nc6 21. exf6 exf6 22. Qc3 Rxd4 23. Qxc6 Rxh4 24. Bb3 Kh8 25. Bxd5 Bd7 26. Qc5 Rxa4 27. Rad1 Qc8 28. Qd6 Bb5 29. Re7 Qd8 30. Qc5 Rc4 31. Qe3 f5 32. Qf3 Rc7 33. Re6 Qc8 34. Rxg6 Rc1 35. Bb3 Rxd1+ 36. Bxd1 hxg6 37. Qh3+ Kg8 38. Bb3+ Bc4 39. Bxc4+ Qxc4 40. g4 Qe6 41. gxf5 Qxf5 42. Qb3+ Qf7 43. Qc2 Qxf2+ 44. Qxf2 Rxf2 45. Kxf2 Bxb2 46. Ke3 Bf6 47. Kd3 a5 48. Kc4 Be7 49. Kb5 Bb4 50. h4 Kg7 51. h5 gxh5 52. Ka4 h4 53. Kb5 h3 54. Ka4 h2 55. Kb3 h1=Q 56. Ka4 Qh4 57. Kb5 Qe1 58. Ka4 Qc3 59. Kb5 Ba3 60. Ka4 Qb4# 0-1


[Site "https://www.chess.com"]

[Event "Titled Tuesday Blitz June 28 Early 2022"]
[White "Thiel, Thomas"]
[Black "Arias, Juan Cruz"]
[WhiteFideId "4615964"]
[BlackFideId "118540"]
[WhiteElo "2247"]
[BlackElo "2091"]
[Result "0-1"]
[Round "01"]
[TimeControl "180+1"]
[Date "2022.06.28"]
[WhiteClock "0:00:01"]
[BlackClock "0:01:08"]

1. e4 e6 2. d4 d5 3. Nc3 Nf6 4. Bg5 Be7 5. e5 Nfd7 6. h4 h6 7. Bxe7 Qxe7 8. f4 c5 9. Nf3 Nc6 10. Qd2 a6 11. O-O-O b5 12. dxc5 Nxc5 13. Nd4 Nxd4 14. Qxd4 b4 15. Ne2 a5 16. Qe3 Ba6 17. Nd4 O-O 18. f5 Ne4 19. f6 gxf6 20. Qxh6 fxe5 21. Nf3 f6 22. Bxa6 Rxa6 23. h5 Nf2 24. Rh4 Qg7 25. Qxg7+ Kxg7 26. Rf1 Ne4 27. Rg4+ Kh7 28. Nh4 f5 29. Rg6 Rf6 30. g4 f4 31. Rxf6 Nxf6 32. Rg1 e4 33. Ng6 f3 34. Nf4 e5 35. Nh3 e3 36. Ng5+ Kg7 37. Nxf3 e4 38. Nd4 a4 39. Nf5+ Kh7 40. Nxe3 b3 41. a3 Rc6 42. c3 d4 43. Nd1 e3 0-1


[Site "https://www.chess.com"]

[Event "Titled Tuesday Blitz June 28 Early 2022"]
[White "Thorhallsson, Simon"]
[Black "Jiganchine, Roman"]
[WhiteFideId "2310090"]
[BlackFideId "2603667"]
[WhiteElo "2137"]
[BlackElo "2252"]
[Result "0-1"]
[Round "01"]
[TimeControl "180+1"]
[Date "2022.06.28"]
[WhiteClock "0:00:11"]
[BlackClock "0:00:17"]

1. e4 c6 2. d4 d5 3. e5 Bf5 4. h4 h5 5. Bg5 a6 6. Bd3 Bxd3 7. Qxd3 Qb6 8. e6 Nf6 9. exf7+ Kxf7 10. Nf3 Nbd7 11. Ne5+ Nxe5 12. dxe5 Ne4 13. Qf3+ Ke8 14. O-O e6 15. Nd2 Nxg5 16. hxg5 Be7 17. g6 Kd7 18. Nb3 Raf8 19. Qg3 Rf5 20. Qe3 Qxe3 21. fxe3 Rg5 22. Rf7 Rxg6 23. Raf1 h4 24. Nc5+ Ke8 25. Nxb7 h3 26. Nd6+ Bxd6 27. exd6 hxg2 28. d7+ Kd8 29. Rf8+ Rxf8 30. Rxf8+ Kxd7 31. Ra8 Rg3 32. Rxa6 Rxe3 33. c3 Re1+ 34. Kxg2 Re2+ 35. Kf3 Rxb2 36. Ke3 Kd6 37. a4 g5 38. Ra8 g4 39. Rg8 Ra2 40. Rxg4 c5 41. Kd3 c4+ 42. Kd4 Rxa4 43. Rg2 Ra1 44. Rd2 Re1 45. Re2 e5+ 46. Ke3 Rxe2+ 47. Kxe2 Kc5 48. Kd2 d4 49. Kc2 d3+ 50. Kd2 Kb5 51. Ke3 Ka4 52. Kd2 Kb3 53. Ke3 Kxc3 54. Kf2 Kc2 0-1


[Site "https://www.chess.com"]

[Event "Titled Tuesday Blitz June 28 Early 2022"]
[White "Tifferet, Shaked"]
[Black "Ghazarian, Kirk"]
[WhiteFideId "2811529"]
[BlackFideId "30908604"]
[WhiteElo "2083"]
[BlackElo "2003"]
[Result "0-1"]
[Round "01"]
[TimeControl "180+1"]
[Date "2022.06.28"]
[WhiteClock "0:00:16"]
[BlackClock "0:00:16"]

1. Nf3 d5 2. d4 c6 3. c4 Nf6 4. Nc3 g6 5. e3 Bg7 6. cxd5 cxd5 7. Be2 O-O 8. O-O Nc6 9. Qb3 a6 10. Bd2 b5 11. Rfc1 Bb7 12. a4 Na5 13. Qd1 Nc4 14. axb5 axb5 15. Qb3 Ne4 16. Bxc4 dxc4 17. Qxb5 Nd6 18. Qg5 Bxf3 19. gxf3 Qb6 20. Na4 Qb7 21. Qg2 Rxa4 22. Rxa4 Qxb2 23. Rd1 c3 24. Bxc3 Qxc3 25. Raa1 Nf5 26. Rac1 Qa3 27. Qg4 e6 28. Qe4 h5 29. Rc2 Qe7 30. f4 Qh4 31. Qf3 Nh6 32. h3 Nf5 33. Rcd2 Rc8 34. d5 exd5 35. Rxd5 Kh7 36. R5d2 Qf6 37. Qe4 Rc7 38. Rd7 Rxd7 39. Rxd7 Bf8 40. Qe5 Qxe5 41. fxe5 Kg8 42. Kg2 Bg7 43. Rd8+ Kh7 44. Re8 g5 45. Kf3 Kg6 46. Ke4 Nh4 47. f4 g4 48. hxg4 hxg4 49. Rd8 g3 50. Rd1 Kh5 51. f5 Kg4 52. f6 Bh6 53. e6 fxe6 54. f7 Ng6 55. Rg1 Bg7 56. Rf1 g2 57. Rg1 Kg3 58. Rb1 Kh2 59. Kf3 g1=Q 60. Rxg1 Kxg1 61. Kg4 Nf8 62. Kg5 Kf2 63. e4 Ke3 64. Kg4 Kxe4 65. Kg5 Ke5 66. Kh5 Kf6 67. Kg4 Kxf7 68. Kf4 Ke7 69. Ke4 Kd6 70. Kf3 e5 71. Ke3 Ke6 72. Kf3 Kf5 73. Ke3 e4 74. Ke2 Ke5 75. Kf2 Kf4 76. Ke2 e3 77. Ke1 Ke4 78. Kf1 Kf3 79. Ke1 e2 80. Kd2 Kf2 81. Kc2 e1=Q 0-1


[Site "https://www.chess.com"]

[Event "Titled Tuesday Blitz June 28 Early 2022"]
[White "Timofeev, Artyom"]
[Black "Kjartansson, David"]
[WhiteFideId "4140419"]
[BlackFideId "2301130"]
[WhiteElo "2578"]
[BlackElo "2382"]
[Result "0-1"]
[Round "01"]
[TimeControl "180+1"]
[Date "2022.06.28"]
[WhiteClock "0:00:22"]
[BlackClock "0:00:32"]

1. e4 d6 2. d4 Nf6 3. Nc3 e5 4. Nf3 Nbd7 5. g3 Be7 6. Bg2 c6 7. O-O Qc7 8. Re1 O-O 9. a4 a5 10. h3 Re8 11. b3 h6 12. Bb2 Nf8 13. Qd2 Ng6 14. Rad1 Bd7 15. Kh2 Rad8 16. Qc1 Bc8 17. Bf1 Bf8 18. Kg1 Nh7 19. Bg2 Nf6 20. Qd2 Nh7 21. Qe3 Nf6 22. Re2 exd4 23. Qxd4 Ne5 24. Qe3 Ng6 25. Qc1 Be6 26. Rde1 Qc8 27. Kh2 Bd7 28. Nd4 Nh7 29. f4 Be7 30. Nf3 Bf6 31. Nd1 Bxb2 32. Nxb2 Nf6 33. Nc4 Qc7 34. Qd2 d5 35. exd5 Rxe2 36. Rxe2 Nxd5 37. Qxa5 b6 38. Qd2 Be6 39. Qe1 Ndxf4 40. gxf4 Nxf4 41. Qg3 g5 42. Rf2 b5 43. Nce5 Nh5 44. Qg4 Bxg4 45. hxg4 Nf6 46. Kh3 Nd5 47. Nd3 bxa4 48. bxa4 Nf4+ 49. Nxf4 Qxf4 50. a5 h5 0-1


[Site "https://www.chess.com"]

[Event "Titled Tuesday Blitz June 28 Early 2022"]
[White "Valle Maytin, Luis Enrique"]
[Black "Sirosh, Ilja"]
[WhiteFideId "3503666"]
[BlackFideId "4500458"]
[WhiteElo "2309"]
[BlackElo "2241"]
[Result "1-0"]
[Round "01"]
[TimeControl "180+1"]
[Date "2022.06.28"]
[WhiteClock "0:00:17"]
[BlackClock "0:00:01"]

1. e4 c5 2. Nf3 d6 3. d4 cxd4 4. Nxd4 Nf6 5. Nc3 a6 6. Bg5 Nbd7 7. f4 Qc7 8. Qd2 e6 9. O-O-O b5 10. h3 b4 11. Na4 Nxe4 12. Qxb4 Nxg5 13. fxg5 Rb8 14. Qc3 Qxc3 15. Nxc3 Be7 16. h4 Bb7 17. Rg1 Ne5 18. Be2 h6 19. Nf3 hxg5 20. hxg5 Ng4 21. Kb1 Kd7 22. g6 fxg6 23. Nd4 Ne5 24. Nf3 Bf6 25. Na4 Bc6 26. Nc5+ Ke7 27. Nxa6 Rb6 28. b3 Nxf3 29. gxf3 Bb7 30. Nc7 Rc8 31. Nb5 Ba6 32. a4 g5 33. c4 Bxb5 34. cxb5 Rc3 35. Rd3 Rxd3 36. Bxd3 Bd4 37. Rxg5 Kf6 38. Rg6+ Kf7 39. Rg4 Bf2 40. a5 Rb8 41. Rc4 Kf6 42. Rc7 d5 43. Rc6 g5 44. b6 Ke5 45. Ba6 Be3 46. Bc8 Kf4 47. Bxe6 d4 48. a6 d3 49. a7 Rd8 50. Bc4 d2 51. Be2 Kg3 52. Kc2 Kf2 53. Kd1 1-0


[Site "https://www.chess.com"]

[Event "Titled Tuesday Blitz June 28 Early 2022"]
[White "Vidonyak, Roman"]
[Black "Pinheiro, Iung Alicio de O."]
[WhiteFideId "14100622"]
[BlackFideId "2104350"]
[WhiteElo "2327"]
[BlackElo "2283"]
[Result "0-1"]
[Round "01"]
[TimeControl "180+1"]
[Date "2022.06.28"]
[WhiteClock "0:00:01"]
[BlackClock "0:00:06"]

1. d4 d5 2. c4 c6 3. Nf3 Nf6 4. Nc3 g6 5. e3 Bg7 6. Bd3 O-O 7. O-O Bg4 8. h3 Bxf3 9. Qxf3 e6 10. b3 Re8 11. Bb2 Nbd7 12. Rac1 a5 13. a3 Qb6 14. Qd1 dxc4 15. Bxc4 Rad8 16. Na4 Qa7 17. Bd3 e5 18. Qc2 Nd5 19. Rfd1 exd4 20. exd4 Re7 21. Nc5 Rde8 22. Bc4 N7b6 23. Bf1 h5 24. Qd2 Nc8 25. b4 axb4 26. axb4 Qb6 27. Rb1 Nd6 28. Ba1 Nb5 29. Kh1 Kh7 30. Bxb5 Qxb5 31. Qd3 Qxd3 32. Nxd3 Re4 33. Nc5 R4e7 34. Nd3 Bh6 35. b5 Bg7 36. Nc5 cxb5 37. Rxb5 b6 38. Nd3 Rd8 39. Rbb1 Red7 40. Ne1 Nf4 41. Nf3 Ne6 42. d5 Rxd5 43. Rxd5 Rxd5 44. Bxg7 Kxg7 45. Rxb6 g5 46. Rb7 g4 47. hxg4 hxg4 48. Nh4 Rd2 49. Kg1 Kf6 50. f3 g3 51. Kf1 Rf2+ 52. Ke1 Nf4 53. Rb6+ Ke7 54. Rb4 Nd3+ 0-1


[Site "https://www.chess.com"]

[Event "Titled Tuesday Blitz June 28 Early 2022"]
[White "Vifleemskaia, Svetlana"]
[Black "Yang, Kaiqi"]
[WhiteFideId "4129490"]
[BlackFideId "8604398"]
[WhiteElo "1929"]
[BlackElo "2373"]
[Result "0-1"]
[Round "01"]
[TimeControl "180+1"]
[Date "2022.06.28"]
[WhiteClock "0:00:01"]
[BlackClock "0:00:02"]

1. d4 Nf6 2. c4 g6 3. Nc3 d5 4. cxd5 Nxd5 5. Bd2 Nb6 6. Bf4 Bg7 7. e3 O-O 8. Nf3 c6 9. Be2 N8d7 10. O-O Nf6 11. a4 a5 12. h3 Nbd5 13. Be5 Bf5 14. Qb3 Nb4 15. Rac1 Be6 16. Qd1 h6 17. Nd2 Nfd5 18. Bxg7 Kxg7 19. Nde4 b6 20. Bg4 f5 21. Bf3 fxe4 22. Bxe4 Bf5 23. Bxf5 gxf5 24. Qh5 Qd6 25. e4 fxe4 26. Nxe4 Qg6 27. Qe2 Kh7 28. Ng3 Rf7 29. Qe5 Rg8 30. Qe2 Nd3 31. Rcd1 N3f4 32. Qc4 Qd6 33. Qc2+ Qg6 34. Qc4 Rfg7 35. Rde1 Qd6 36. Re5 Rg5 37. Rfe1 R8g7 38. Kh1 Rxe5 39. Rxe5 Qf6 40. Qc2+ Kh8 41. Qe4 e6 42. Kh2 Rg5 43. Rxg5 hxg5 44. Qc2 Qxd4 0-1


[Site "https://www.chess.com"]

[Event "Titled Tuesday Blitz June 28 Early 2022"]
[White "Vokhidov, Shamsiddin"]
[Black "Krallis, Christos"]
[WhiteFideId "14204223"]
[BlackFideId "4298896"]
[WhiteElo "2611"]
[BlackElo "2234"]
[Result "1-0"]
[Round "01"]
[TimeControl "180+1"]
[Date "2022.06.28"]
[WhiteClock "0:02:01"]
[BlackClock "0:00:11"]

1. e4 e5 2. Nf3 Nc6 3. Nc3 Nf6 4. a3 d5 5. Bb5 d4 6. Ne2 Bd6 7. Bxc6+ bxc6 8. d3 h6 9. c3 dxc3 10. Nxc3 O-O 11. O-O Nd7 12. Be3 Nb6 13. d4 exd4 14. Nxd4 c5 15. Ndb5 Ba6 16. Re1 Nc4 17. Qa4 Nxe3 18. Rxe3 Bb7 19. Rd1 Qf6 20. Nxd6 cxd6 21. Qd7 Rab8 22. Qxd6 Qxd6 23. Rxd6 Bc8 24. Re2 Be6 25. f4 Rb3 26. Na4 Rc8 27. Rc2 c4 28. f5 c3 29. fxe6 Rc4 30. Nxc3 1-0


[Site "https://www.chess.com"]

[Event "Titled Tuesday Blitz June 28 Early 2022"]
[White "Volkov, Maksim"]
[Black "Shton, Roman"]
[WhiteFideId "54123070"]
[BlackFideId "14137461"]
[WhiteElo "2155"]
[BlackElo "2013"]
[Result "1/2-1/2"]
[Round "01"]
[TimeControl "180+1"]
[Date "2022.06.28"]
[WhiteClock "0:01:29"]
[BlackClock "0:01:59"]

1. d4 Nf6 2. c4 e6 3. g3 d5 4. Nf3 dxc4 5. Bg2 Bd7 6. Ne5 Bc6 7. Nxc6 Nxc6 8. Bxc6+ bxc6 9. Qa4 Qd5 10. O-O Rd8 11. Rd1 Qb5 12. Nc3 Qxa4 13. Nxa4 Bd6 14. f3 Nd5 15. a3 Nb6 16. Nc3 e5 17. Be3 Nd5 18. Bf2 Nxc3 19. bxc3 O-O 20. e4 Rb8 21. Rab1 Rb3 22. Rxb3 cxb3 23. Rb1 Rb8 24. a4 b2 25. Kf1 Rb3 26. Ke2 1/2-1/2


[Site "https://www.chess.com"]

[Event "Titled Tuesday Blitz June 28 Early 2022"]
[White "Vovk, Orest"]
[Black "Csonka, Balazs"]
[WhiteFideId "14113490"]
[BlackFideId "742910"]
[WhiteElo "2203"]
[BlackElo "2404"]
[Result "0-1"]
[Round "01"]
[TimeControl "180+1"]
[Date "2022.06.28"]
[WhiteClock "0:01:05"]
[BlackClock "0:00:19"]

1. h4 e5 2. h5 d5 3. h6 Nxh6 4. d4 exd4 5. Bxh6 gxh6 6. Qxd4 Rg8 7. Nc3 Be6 8. O-O-O Nc6 9. Qh4 Be7 10. Qa4 Bf6 11. Nxd5 Bxd5 12. e4 Bg5+ 13. Kb1 Bxa2+ 14. Kxa2 Qxd1 15. Bb5 Rg6 16. f4 Bxf4 17. Nh3 Qxh1 18. Nxf4 O-O-O 19. Nxg6 hxg6 20. Bxc6 bxc6 21. Qxc6 Qh5 22. b4 Qe5 23. Qa6+ Kb8 24. Qa4 Qxe4 25. Qb5+ Qb7 26. Qc5 Qxg2 27. Qb5+ Qb7 28. Qc5 Qd5+ 0-1


[Site "https://www.chess.com"]